 Dungeon Crawl Stone Soup version 0.26-a0-597-gb535b0901c (webtiles) character file.

Game seed: 17394285127334760996

0 Ge0ff the Sneak (level 1, -4/18 HPs)
             Began as a Human Delver on Aug 30, 2020.
             Slain by an orc
             ... wielding a +0 flail
              (8 damage)
             ... on level 3 of the Dungeon.
             The game lasted 00:02:21 (687 turns).

Ge0ff the Sneak (Human Delver)                       Turns: 687, Time: 00:02:22

Health: -4/18      AC:  4    Str: 12    XL:     1   Next: 11%
Magic:  1/1        EV:  9    Int: 10    God:
Gold:   19         SH:  7    Dex: 14    Spells: 0/0 levels left

rFire    . . .     SeeInvis .   (no weapon)
rCold    . . .     Faith    .   X - +0 kite shield
rNeg     . . .     Spirit   .   (no armour)
rPois    .         Reflect  .   (no helmet)
rElec    .         Harm     .   (no cloak)
rCorr    .                      (no gloves)
MR       .....                  (no boots)
Stlth    +++.......             (no amulet)
HPRegen  0.06/turn              K - +4 ring of protection
MPRegen  0.07/turn              (no ring)

@: no status effects
A: no striking features
a: no special abilities


You were on level 3 of the Dungeon.
You visited 1 branch of the dungeon, and saw 4 of its levels.

You collected 19 gold pieces.

Inventory:

Hand Weapons
 a - a +0 mace {*no*}
Armour
 b - a +0 leather armour
 X - a +0 kite shield (worn)
Jewellery
 K - a +4 ring of protection (left hand)
Wands
 d - a wand of digging (3)
 x - a wand of random effects (11)
Scrolls
 i - 2 scrolls of identify
 m - 2 scrolls of magic mapping
 C - 4 scrolls of remove curse
 E - a scroll of fear
 F - a scroll of fog
 T - 4 scrolls of teleportation
Potions
 H - a potion of haste {!q}
 L - a potion of degeneration {unknown}
 O - a potion of magic {unknown}
 W - a potion of heal wounds {!q}


   Skills:
 - Level 3.0 Fighting
 + Level 2.0 Maces & Flails
 - Level 2.0 Dodging
 - Level 5.0 Stealth


You couldn't memorise any spells.
You didn't know any spells.
Your spell library contained the following spells:

 Spells                   Type           Power        Failure   Level
 Magic Dart               Conj           #...         95%         1
 Blink                    Tloc           N/A          99%         2
 Call Imp                 Summ           #.......     99%         2
 Slow                     Hex            #.......     99%         2
 Conjure Flame            Conj/Fire      #.......     100%        3
 Mephitic Cloud           Conj/Pois/Air  #.......     100%        3


Dungeon Overview and Level Annotations

Branches:
Dungeon (6/15)
 Temple: D:4-7

Altars:
Fedhas
Uskayaw
Zin

Annotations:
D:4 exclusions: ball python and howler monkey
D:5 exclusions: 2 quokkas, skeleton, sky beast and upstairs, Edmund


Message History

Aim: an orc, wielding a +0 flail and wearing a +0 chain mail (fast)
The bolt of negative energy misses the orc.
The orc hits you with a +0 flail.
Evoke which item? (* to show all) (? for menu, Esc to quit)
Aiming: Random Effects
Press: ? - help, Shift-Dir - straight line, f/p - orc
Aim: an orc, wielding a +0 flail and wearing a +0 chain mail (fast)
The fireball explodes!
The fireball engulfs the orc.
The orc is lightly wounded.
The fireball engulfs you!
* * * LOW HITPOINT WARNING * * *
The orc barely misses you.
Evoke which item? (* to show all) (? for menu, Esc to quit)
Aiming: Random Effects
Press: ? - help, Shift-Dir - straight line, f/p - orc
Aim: an orc, wielding a +0 flail and wearing a +0 chain mail (lightly wounded, fast)
The orc struggles to resist.
The orc hits you with a +0 flail.
* * * LOW HITPOINT WARNING * * *
The orc hits you with a +0 flail!
You die...

#.# #####.#
############## #.....#
###............# #.#####
#..............###.#
#.#.............##.####
#.#...................#
#.#.............#######
#.#.....@......####.##
#.#.#....o.............#
##.#.#............####.##
#.................+....#
#..###............######
#..##.....#########
#..##.###.# ######..##.#
#.# ...........# #..


You could see an orc (fast).

Vanquished Creatures
  A bat (D:3)
1 creature vanquished.

Notes
Turn   | Place    | Note
-------+----------+-------------------------------------------
     0 | D:5      | Ge0ff the Human Delver began the quest for the Orb.
     0 | D:5      | Reached XP level 1. HP: 18/18 MP: 1/1
    16 | D:5      | Noticed Edmund
    33 | D:5      | Found a hide-covered altar of Uskayaw.
    92 | D:4      | Noticed a howler monkey
   153 | D:5      | Found a glowing silver altar of Zin.
   154 | D:5      | Found a blossoming altar of Fedhas.
   465 | D:5      | Noticed a sky beast
   687 | D:3      | Slain by an orc

Illustrated notes

Levels and vault maps discovered:
D:3:      layout_basic, moated_statue
D:4:      layout_basic
D:5:      minmay_evil_eye, layout_basic, eat_drink_and_be_merry_uskayaw,
          gammafunk_temple_overflow_statue, minmay_misc_feat_square, uniq_edmund
D:6:      layout_basic, okawaru_ov_weapons_minmay

Action                   || total
-------------------------++-------
Evoke: Wand              ||     6
  Use: Scroll            ||     3
Armor: Skin              ||    11
Dodge: Dodged            ||    16
Block: Kite shield       ||     7

Table legend: (Time is in decaauts)
 A = Elapsed time spent in this place.
 B = Non-inter-level travel time spent in this place.
 C = Inter-level travel time spent in this place.
 D = Time resting spent in this place.
 E = Time spent auto-exploring this place.
 F = Levels seen in this place.
 G = Mean time per level.
                   A        B        C        D        E       F      G
               +--------+--------+--------+--------+--------+-----+--------+
         Total |    687 |    664 |     23 |      0 |    481 |   4 |  171.8 |
       Dungeon |    687 |    664 |     23 |      0 |    481 |   4 |  171.8 |
               +--------+--------+--------+--------+--------+-----+--------+

Top non-repeatable levels by time:
     D:5: 464 daAuts
     D:3: 139 daAuts
     D:4: 81 daAuts
     D:6: 1 daAuts
